 Dungeon Crawl Stone Soup version 0.29-a0-565-g7a16c6de65 (webtiles) character file.

Game seed: 4488323189202341199

57 Lekart the Skirmisher (level 3, -11/33 HPs)
             Began as a Draconian Chaos Knight on June 12, 2022.
             Was a Plaything of Xom.
             Killed by nerve-wracking pain
             ... invoked by an orc priest
              (13 damage)
             ... on level 1 of the Dungeon.
             The game lasted 00:01:46 (1027 turns).

Lekart the Skirmisher (Draconian Chaos Knight)      Turns: 1027, Time: 00:01:47

Health: -11/33     AC:  6    Str: 16    XL:     3   Next: 73%
Magic:  3/3        EV: 10    Int: 12    God:    Xom [..*...]
Gold:   79         SH:  6    Dex: 10    Spells: 2/2 levels left

rFire   . . .      SeeInvis .   a - +0 hand axe (chaos)
rCold   . . .      Faith    .   e - +0 kite shield
rNeg    . . .      Spirit   .   (body armour unavailable)
rPois   .          Reflect  .   (helmet restricted)
rElec   .          Harm     .   j - +0 cloak
rCorr   .          Rampage  .   (no gloves)
Will    .....                   (no boots)
Stlth   +.........              (no amulet)
HPRegen 0.11/turn               (no ring)
MPRegen 0.08/turn               (no ring)

@: no status effects
A: AC +5, unfitting armour, cold-blooded
a: Renounce Religion


You were on level 1 of the Dungeon.
You worshipped Xom.
You were a toy of Xom.
You visited 1 branch of the dungeon, and saw 2 of its levels.

You collected 79 gold pieces.

Inventory:

Hand Weapons
 a - a +0 hand axe of chaos (weapon)
Armour
 e - a +0 kite shield (worn)
 j - a +0 cloak (worn)
Scrolls
 d - a scroll of teleportation
Potions
 c - a potion of curing
 f - a potion of cancellation
 k - a potion of lignification
Miscellaneous
 b - a piece from Xom's chessboard (15/15) (quivered)


   Skills:
 + Level 3.8 Fighting
 + Level 3.5 Axes
 * Level 2.8 Dodging
 * Level 1.1 Shields


You had 2 spell levels left.
You didn't know any spells.
Your spell library was empty.

Dungeon Overview and Level Annotations

Branches:
Dungeon (2/15)

Altars:


Innate Abilities, Weirdness & Mutations

Your plain brown scales are hard. (AC +5)
You cannot fit into any form of body armour.
You are cold-blooded and may be slowed by cold attacks.


Message History

The orc wizard is healed somewhat.
The endoplasm quivers.
You hit the orc priest. You freeze the orc priest.
The orc priest is severely wounded.
You closely miss the orc.
You hit the orc wizard but do no damage.
The orc wizard misses you. You block the orc's attack.
The orc priest hits you with a +0 dagger.
The goblin hits you but does no damage. The orc hits you but does no damage.
The orc wizard hits you but does no damage.
You can't go down here!
You block the orc priest's attack.
The orc priest hits you but does no damage.
The goblin hits you with a +0 dagger.
The orc wizard hits you with a +0 dagger.
The orc barely misses you.
You climb upwards.
There is a stone staircase leading down here.
You slash the orc wizard!
Lightning courses through the orc wizard!
You kill the orc wizard!
You hit the orc. You closely miss the goblin. You hit the orc priest.
The orc priest calls down the wrath of Beogh upon you.
Beogh smites you!
* * * LOW HITPOINT WARNING * * *
The orc priest miscasts a cantrip.
The goblin barely misses you.
The orc hits you with a +0 vorpal war axe.
* * * LOW HITPOINT WARNING * * *
x2 Your Shields skill increases to level 1!
You hit the orc priest.
Nothing appears to happen.
Your tail-slap misses the orc priest.
The orc priest is almost dead.
You hit the orc.
You kill the orc!
You barely miss the goblin.
The orc priest mumbles some strange prayers to Beogh against you.
Pain shoots through your body!
You die...
Xom laughs nastily!

#.......>.(...# #.............#
#.............# ####..###.....#
### ##......#.)...######
#.######## ##...................
#........# #..............######
.........####...o..........# #.
................@).......#######.
.#.###....#.#(..g).....#.#.......
.#....#..##.#....).....#.......##
.#........#...........##..#####..
.#.....##.###..........#>.# ##.#
.#^...###.# #.............# #..#
##....# #.###............#####.#.
......###..............#.###.....
##......†...#............#......#


You could see an orc priest (fast) and a goblin.

Vanquished Creatures
  An orc wizard (D:1)
  A gnoll (D:1)
  A dart slug (D:1)
  An orc (D:1)
  A bat (D:1)
  3 endoplasms (D:1)
  A giant cockroach (D:1)
  2 hobgoblins (D:1)
  4 jackals (D:1)
  2 quokkas (D:1)
  A frilled lizard (D:1)
  2 goblins (D:1)
20 creatures vanquished.

Notes
Turn   | Place    | Note
-------+----------+-------------------------------------------
     0 | D:1      | Lekart the Draconian Chaos Knight began the quest for the
                  | Orb.
     0 | D:1      | Reached XP level 1. HP: 19/19 MP: 1/1
   231 | D:1      | XOM: butterfly on damage
   233 | D:1      | Reached XP level 2. HP: 20/26 MP: 2/2
   235 | D:1      | XOM: silly message
   588 | D:1      | XOM: silly message
   750 | D:1      | Reached XP level 3. HP: 28/33 MP: 3/3
   786 | D:1      | Found a faded altar of an unknown god.
  1004 | D:1      | XOM: divination: detect creatures
  1027 | D:1      | Reached skill level 1 in Shields
  1027 | D:1      | Killed from afar by an orc priest

Illustrated notes

Levels and vault maps discovered:
D:1:      kennysheep_arrival_forest, layout_rooms,
          shapermc_ecumenical_altar_totnotflames, minmay_pentomino_s4
D:2:      layout_basic

Skill      XL: |  1  2  3 |
---------------+----------+-----
Shields        | 1 |  1.1
Fighting       | |  3.8
Axes           | |  3.5
Dodging        | |  2.8

Action                   || total
-------------------------++-------
Melee: Hand axe          ||    59
       Tailslap          ||     5
  Use: Scroll            ||     5
       Potion            ||     3
Armor: Skin              ||    20
Dodge: Dodged            ||    30
Block: Kite shield       ||    18

Table legend: (Time is in decaauts)
 A = Elapsed time spent in this place.
 B = Non-inter-level travel time spent in this place.
 C = Inter-level travel time spent in this place.
 D = Time resting spent in this place.
 E = Time spent auto-exploring this place.
 F = Levels seen in this place.
 G = Mean time per level.
                   A        B        C        D        E       F      G
               +--------+--------+--------+--------+--------+-----+--------+
         Total |   1044 |   1024 |     20 |      0 |    820 |   2 |  522.0 |
       Dungeon |   1044 |   1024 |     20 |      0 |    820 |   2 |  522.0 |
               +--------+--------+--------+--------+--------+-----+--------+

Top non-repeatable levels by time:
     D:1: 1035 daAuts
     D:2: 9 daAuts
